 Dungeon Crawl Stone Soup version 0.29-a0-557-g43b9904bd1 (webtiles) character file.

Game seed: 13043333578857575421

12330 Pelinal the Destroyer (level 11, -8/74 HPs)
             Began as a Yellow Draconian Conjurer on June 9, 2022.
             Was an Elder of Sif Muna.
             Mangled by a yak (13 damage)
             ... on level 2 of the Lair of Beasts.
             The game lasted 00:36:52 (12192 turns).

Pelinal the Destroyer (Yellow Draconian Conjurer)  Turns: 12192, Time: 00:36:52

Health: -8/74      AC: 15    Str:  9    XL:     11   Next: 61%
Magic:  16/20      EV: 12    Int: 32    God:    Sif Muna [****..]
Gold:   542        SH:  0    Dex: 11    Spells: 3/23 levels left

rFire   . . .      SeeInvis +   w - +0 dagger (venom)
rCold   + + +      Faith    +   (no shield)
rNeg    . . .      Spirit   .   (body armour unavailable)
rPois   .          Reflect  .   R - +2 hat {SInv}
rElec   .          Harm     .   U - +2 cloak
rCorr   +          Rampage  .   L - +1 pair of gloves {Stlth+}
Will    .....                   g - +0 pair of boots
Stlth   ++++......              Q - amulet "Utimeliw" {Faith *Slow +Inv rC++ Regen+ Int+4}
HPRegen 1.02/turn               d - +6 ring of intelligence
MPRegen 0.17/turn               h - ring of protection from cold

@: short of breath
A: spit acid, AC +7, unfitting armour, cold-blooded, acid resistance
a: Breathe Acid, Renounce Religion, Evoke Invisibility, Channel Magic, Forget
Spell, Divine Exegesis


You were on level 2 of the Lair of Beasts.
You worshipped Sif Muna.
Sif Muna was greatly pleased with you.
You visited 2 branches of the dungeon, and saw 11 of its levels.

You collected 754 gold pieces.
You spent 212 gold pieces at shops.

Inventory:

Hand Weapons
 p - a +0 quarterstaff
 q - a +1 short sword of flaming
 w - a +0 dagger of venom (weapon)
 G - the +8 mace of the Morning {vamp, Str+3 Int+2}
   (You found it on level 7 of the Dungeon)

   It occasionally heals its wielder for a portion of the damage dealt when it
   wounds a living foe.
   Str:       It affects your strength (+3).
   Int:       It affects your intelligence (+2).
 S - a +0 flail
Missiles
 l - 11 poisoned darts (quivered)
 x - 3 curare-tipped darts
Armour
 g - a +0 pair of boots (worn)
 L - a +1 pair of gloves of stealth (worn)
 R - a +2 hat of see invisible (worn)
 U - a +2 cloak (worn)
Jewellery
 d - a +6 ring of intelligence (left hand)
 e - a ring of ice
 h - a ring of protection from cold (right hand)
 y - a ring of see invisible
 A - a ring of magical power
 C - a ring of fire
 K - a ring of flight
 P - a ring of wizardry
 Q - the amulet "Utimeliw" (around neck) {Faith *Slow +Inv rC++ Regen+ Int+4}
   (You took it off an orc priest on level 9 of the Dungeon)

   [amulet of faith]

   It allows you to gain divine favour quickly.
   Int:       It affects your intelligence (+4).
   rC:        It greatly protects you from cold.
   +Inv:      It lets you turn invisible.
   Regen:     It increases your rate of health regeneration.
   *Slow:     It may slow you when you take damage.
Wands
 v - a wand of paralysis (8)
 B - a wand of polymorph (13)
 E - a wand of flame (29)
 H - a wand of acid (12)
 O - a wand of mindburst (8)
 T - a wand of charming (5)
Scrolls
 b - 3 scrolls of immolation {unknown}
 c - 2 scrolls of vulnerability
 f - 3 scrolls of enchant weapon
 j - 3 scrolls of poison
 n - 3 scrolls of magic mapping
 r - 6 scrolls of teleportation
 t - 2 scrolls of silence
 u - 2 scrolls of brand weapon {unknown}
 F - 2 scrolls of fear {unknown}
 J - 2 scrolls of blinking
 N - 3 scrolls of fog
Potions
 a - a potion of magic
 i - 2 potions of curing
 k - 2 potions of haste
 m - a potion of brilliance
 o - 2 potions of heal wounds
 s - a potion of cancellation
 z - a potion of ambrosia
 D - a potion of flight {unknown}
 M - 3 potions of lignification {unknown}


   Skills:
 - Level 6.0 Throwing
 - Level 2.0 Dodging
 + Level 7.2 Stealth
 + Level 6.5 Spellcasting
 - Level 8.6 Conjurations
 - Level 6.7 Hexes
 * Level 3.8 Fire Magic
 * Level 0.7 Ice Magic
 - Level 8.0 Invocations
 - Level 5.0 Evocations


You had 3 spell levels left.
You knew the following spells:

 Your Spells              Type           Power      Damage    Failure   Level
a - Magic Dart            Conj           100%       1d8       1%          1
b - Searing Ray           Conj           100%       2d8       1%          2
c - Dazzling Flash        Conj/Hex       100%       N/A       1%          3
d - Fulminant Prism       Conj/Hex       28%        3d14      1%          4
e - Confusing Touch       Hex            52%        N/A       1%          3
f - Sticky Flame          Conj/Fire      50%        2d7       3%          4
g - Ozocubu's Armour      Ice            15%        N/A       10%         3

Your spell library contained the following spells:

 Spells                   Type           Power      Damage    Failure   Level
 Ensorcelled Hibernation  Hex/Ice        68%        N/A       1%          2
 Static Discharge         Conj/Air       38%        N/A       1%          2
 Beastly Appendage        Tmut           20%        N/A       4%          1
 Necrotize                Necr           40%        1d6       4%          1
 Passwall                 Tmut/Erth      8%         N/A       7%          2
 Wereblood                Tmut           10%        N/A       7%          2
 Spider Form              Tmut/Pois      10%        N/A       13%         3
 Swiftness                Air            10%        N/A       13%         3
 Vampiric Draining        Necr           10%        2d6       13%         3
 Iskenderun's Mystic Bla  Conj/Tloc      38%        2d9       8%          4
 Yara's Violent Unravell  Hex/Tmut       16%        3d8       30%         5
 Dispel Undead            Necr           10%        3d9       41%         4
 Iron Shot                Conj/Erth      19%        9d4       75%         6
 Agony                    Necr           10%        N/A       77%         5
 Blade Hands              Tmut           5%         N/A       77%         5
 Enfeeble                 Hex            26%        N/A       93%         7
 Ozocubu's Refrigeration  Ice            7%         4d6       100%        7
 Animate Armour           Summ/Erth      Unusable   N/A       N/A         4

Dungeon Overview and Level Annotations

Branches:
Dungeon (9/15)             Temple (0/1) D:5            Lair (2/6) D:9
    Orc (0/2) D:9
  Swamp: Lair:2-4    Shoals: Lair:2-4     Snake: Lair:2-4    Spider: Lair:2-4

Altars:
Dithmenos
Elyvilon
Hepliaklqana
Okawaru
Qazlal
Sif Muna
Trog
Uskayaw
Yredelemnul
Zin

Shops:
D:5 !?

Annotations:
D:2 1 runed translucent door, Crazy Yiuf
Lair:2 Sonja


Innate Abilities, Weirdness & Mutations

You can spit globs of acid.
Your golden yellow scales are hard. (AC +7)
You cannot fit into any form of body armour.
You are cold-blooded and may be slowed by cold attacks.
You are resistant to acid. (rCorr)


Message History

You spit a glob of acid.
The glob of acid hits the cane toad!!
The acid splashes onto the yak!
The yak is splashed with acid.
The acid corrodes the yak!
The cane toad is heavily wounded.
You feel sick. The cane toad stings you!
Unknown command.
Unknown command.
Casting: Magic Dart (safe; 1% risk of failure)
Confirm with . or Enter, or press ? or * to list all spells.
Aiming: Sticky Flame (dangerous; 3% risk of failure)
Press: ? - help, Shift-Dir - straight line, f/p - cane toad
Aim: a cane toad (heavily wounded, 100% to hit)
The sticky flame hits the cane toad.
The cane toad is heavily wounded.
The cane toad is covered in liquid flames!
You feel sick.
The cane toad burns!
The cane toad stings you!
You are more poisoned.
The cane toad poisons you!
Unknown command.
Okay, then.
You feel very sick.
The cane toad burns!
Unknown command.
You feel very sick.
The cane toad burns!
The cane toad stings you but does no damage.
Unknown command.
The cane toad attacks as you move away! The cane toad stings you!
* * * LOW HITPOINT WARNING * * *
You are lethally poisoned!
The cane toad poisons you!
* * * LOW HITPOINT WARNING * * *
You feel extremely sick.
The cane toad burns!
You feel better.
The cane toad burns!
The cane toad stops burning.
The cane toad closely misses you. The cane toad attacks as you move away!
The cane toad stings you!
* * * LOW HITPOINT WARNING * * *
The yak attacks as you move away! The yak gores you!
You die...

##..# #...####'#.# ....
#..## .... #.(. ##..#
##...# ##..## ##.####.#...
#...P## #....#.#.#.#
#....# ## #...........
#...####.## ##..........
##..P.#.##Y#####.<#####...
#........@F...÷...# #...
##..#.#########..†## #...
#.P### #.....# #... #.##
##....# #.... ##.## #..†##
##... #...# #...# #^..
##..## #...## .... #..)#
#....# ##... ###.# ##....#
#...


You could see a yak (corroded) and a cane toad.

Vanquished Creatures
  A two-headed ogre (D:9)
  2 black mambas (Lair:1)
  4 cane toads
  3 komodo dragons
  A rime drake (Lair:1)
  2 polar bears (Lair:1)
  A hornet (D:7)
  4 blink frogs (Lair:1)
  A spriggan (D:8)
  15 yaks
  A wyvern (D:8)
  2 basilisks (Lair:1)
  Menkaure (D:7)
  5 water moccasins
  8 orc warriors
  3 black bears
  3 ogres
  2 ice beasts
  2 sky beasts
  6 wolves
  2 phantoms (D:6)
  3 bullfrogs
  A necrophage (D:4)
  3 scorpions
  4 wights (D:9)
  4 killer bees (D:9)
  A howler monkey (D:7)
  3 jellies
  12 orc priests
  A gnoll shaman (D:8)
  10 orc wizards
  4 gnolls (D:8)
  4 adders
  4 white imps
  2 ufetubi
  3 worms
  A dart slug (D:2)
  47 orcs
  A ball python (D:3)
  10 bats
  4 endoplasms
  6 giant cockroaches
  7 goblins
  11 hobgoblins
  7 kobolds
  5 quokkas
  A frilled lizard (D:2)
  4 rats
  A fulminant prism (Lair:1)
233 creatures vanquished.

Vanquished Creatures (others)
  60 fulminant prisms
  31 fungi
  21 plants
112 creatures vanquished.

Grand Total: 345 creatures vanquished

Notes
Turn   | Place    | Note
-------+----------+-------------------------------------------
     0 | D:1      | Pelinal the Draconian Conjurer began the quest for the Orb.
     0 | D:1      | Reached XP level 1. HP: 14/14 MP: 3/3
   160 | D:1      | Reached XP level 2. HP: 15/20 MP: 1/5
   634 | D:1      | Found a faded altar of an unknown god.
  1101 | D:2      | Reached XP level 3. HP: 26/26 MP: 4/6
  1280 | D:2      | Learned a level 2 spell: Searing Ray
  1621 | D:2      | Learned a level 3 spell: Dazzling Flash
  2270 | D:2      | Found a runed translucent door.
  2271 | D:2      | Noticed Crazy Yiuf
  2348 | D:2      | Reached XP level 4. HP: 33/33 MP: 4/7
  2587 | D:3      | Found a bloodstained altar of Trog.
  2806 | D:3      | Found a basalt altar of Yredelemnul.
  2943 | D:3      | Reached skill level 5 in Conjurations
  3472 | D:4      | Noticed a black bear
  3478 | D:4      | Found an iron altar of Okawaru.
  3482 | D:4      | Found a stormy altar of Qazlal.
  3482 | D:4      | Found a glowing silver altar of Zin.
  3498 | D:4      | Noticed a necrophage
  3506 | D:4      | Killed a necrophage
  3507 | D:4      | Reached skill level 1 in Hexes
  3507 | D:4      | Reached XP level 5. HP: 18/38 MP: 3/9
  3578 | D:4      | Killed a black bear
  3579 | D:4      | Reached XP level 6. HP: 25/45 MP: 5/10
  4043 | D:4      | Learned a level 4 spell: Fulminant Prism
  4077 | D:4      | Found a shimmering blue altar of Sif Muna.
  4090 | D:4      | Became a worshipper of Sif Muna the Loreminder
  4569 | D:5      | Entered Level 5 of the Dungeon
  4759 | D:5      | Found Erygoryll's Distillery.
  5186 | D:5      | Bought a potion of degeneration for 12 gold pieces
  5186 | D:5      | Bought a potion of ambrosia for 96 gold pieces
  5397 | D:5      | Your scales start taking on a golden yellow colour.
  5397 | D:5      | Reached XP level 7. HP: 48/50 MP: 1/12
  5397 | D:5      | Gained mutation: You are resistant to acid. (rCorr) [Yellow
                  | Draconian growth]
  5542 | D:5      | Found a shadowy altar of Dithmenos.
  5633 | D:5      | Found Ceheanus's Magic Scroll Shoppe.
  5636 | D:5      | Bought a scroll of identify for 26 gold pieces
  5636 | D:5      | Bought a scroll of identify for 26 gold pieces
  5636 | D:5      | Bought a scroll of identify for 26 gold pieces
  5636 | D:5      | Bought a scroll of identify for 26 gold pieces
  5698 | D:5      | Reached skill level 1 in Throwing
  5760 | D:5      | Found a staircase to the Ecumenical Temple.
  6267 | D:6      | Reached XP level 8. HP: 54/57 MP: 14/14
  6365 | D:6      | Learned a level 3 spell: Confusing Touch
  6390 | D:6      | Reached * piety under Sif Muna
  6661 | D:6      | Reached skill level 1 in Invocations
  7026 | D:7      | Noticed a +0 hand axe
  7031 | D:7      | Found a hide-covered altar of Uskayaw.
  7058 | D:7      | Noticed a +0 hand axe
  7185 | D:7      | Reached skill level 5 in Invocations
  7221 | D:7      | Noticed a hornet
  7227 | D:7      | Killed a hornet
  7263 | D:7      | Reached XP level 9. HP: 61/62 MP: 9/15
  7296 | D:7      | Noticed Menkaure
  7337 | D:7      | Identified the +8 mace of the Morning {vamp, Str+3 Int+2}
  7550 | D:7      | Killed Menkaure
  8057 | D:8      | Reached skill level 1 in Evocations
  8203 | D:8      | Reached ** piety under Sif Muna
  8370 | D:8      | Found a white marble altar of Elyvilon.
  9007 | D:9      | Noticed a two-headed ogre
  9020 | D:9      | Killed a two-headed ogre
  9021 | D:9      | Reached skill level 5 in Throwing
  9021 | D:9      | Reached skill level 5 in Evocations
  9021 | D:9      | Reached XP level 10. HP: 65/69 MP: 1/16
  9262 | D:9      | Found a staircase to the Orcish Mines.
  9335 | D:9      | Identified the amulet "Utimeliw" {Faith *Slow +Inv rC++
                  | Regen+ Int+4}
  9435 | D:9      | Found a staircase to the Lair.
  9568 | D:9      | Reached skill level 5 in Stealth
  9576 | D:9      | Reached skill level 5 in Hexes
  9734 | D:9      | Found a hazy altar of Hepliaklqana.
 10210 | Lair:1   | Entered Level 1 of the Lair of Beasts
 10213 | Lair:1   | Noticed a black mamba
 10216 | Lair:1   | Reached skill level 5 in Spellcasting
 10219 | Lair:1   | Killed a black mamba
 10335 | Lair:1   | Reached *** piety under Sif Muna
 10347 | D:9      | Learned a level 4 spell: Sticky Flame
 10391 | Lair:1   | Reached skill level 1 in Fire Magic
 10391 | Lair:1   | Noticed a black mamba
 10401 | Lair:1   | Killed a black mamba
 10402 | Lair:1   | Reached XP level 11. HP: 34/74 MP: 3/19
 11659 | Lair:2   | Noticed Sonja
 11991 | Lair:2   | Learned a level 3 spell: Ozocubu's Armour
 12109 | Lair:1   | Reached **** piety under Sif Muna
 12192 | Lair:2   | Mangled by a yak

Illustrated notes

Levels and vault maps discovered:
D:1:      lemuel_arrival_funnel, layout_basic,
          shapermc_ecumenical_altar_mp_ritualfount
D:2:      layout_loops_corners, uniq_crazy_yiuf_cottage
D:3:      layout_loops_ring, trog_butcher_becter,
          mainiacjoe_overflow_small_starburst
D:4:      layout_gridville, mainiacjoe_overflow_alcove_4,
          grunt_temple_overflow_open
D:5:      layout_layer_cave, grunt_dithmenos_smoke_and_mirrors,
          minmay_temple_entry_drinking_statues, serial_shops,
          kennysheep_mini_moat, nicolae_shop_statue_plus
D:6:      layout_basic, minmay_statues_item, minmay_quadrilaterals
D:7:      layout_loops_ring, dancing_weapons_uskayaw, uniq_menkaure
D:8:      layout_rooms, general_overflow_altar, the_hattery
D:9:      layout_loops_ring, mainiacjoe_overflow_tiny_flanked, lair_entry_dummy,
          erik_orc_2, minivault_1
Lair:1:   layout_hall_layers, lemuel_fruit_tree
Lair:2:   layout_long_grid, skrybe_swamp_entry_bodies,
          grunt_forest_large_clearings, grunt_megastairs_4, lemuel_fruit_fields,
          uniq_urug, uniq_sonja

Skill      XL: |  1  2  3  4  5  6  7  8  9 10 11 |
---------------+----------------------------------+-----
Dodging        | 2 |  2.0
Stealth        | 2 3 4 6 7 |  7.2
Conjurations   | 5 6 7 8 |  8.6
Spellcasting   | 3 4 5 6 |  6.5
Hexes          | 1 2 4 5 6 |  6.7
Throwing       | 1 2 5 6 |  6.0
Invocations    | 6 7 8 |  8.0
Evocations     | 5 |  5.0
Fire Magic     | 1 3 |  3.8
Ice Magic      | |  0.7

Action                   |  1- 3 |  4- 6 |  7- 9 | 10-12 || total
-------------------------+-------+-------+-------+-------++-------
Melee: Club              |    14 |       |       |       ||    14
       Unarmed           |     4 |       |       |       ||     4
       Tailslap          |     4 |     7 |    12 |    23 ||    46
       Short sword       |    43 |    25 |       |       ||    68
       Dagger            |       |    12 |    80 |    99 ||   191
       Punch             |       |       |     2 |     1 ||     3
Throw: Dart              |       |     7 |     7 |       ||    14
 Cast: Magic Dart        |    64 |    74 |    32 |    28 ||   198
       Searing Ray       |     2 |     9 |     6 |    10 ||    27
       Fulminant Prism   |       |     5 |    29 |    27 ||    61
       Confusing Touch   |       |       |     1 |     2 ||     3
       Sticky Flame      |       |       |       |    17 ||    17
       Dazzling Flash    |       |       |       |     4 ||     4
Invok: Channel Magic     |       |       |     2 |       ||     2
 Abil: Breathe Acid      |       |       |    17 |    13 ||    30
Evoke: Wand              |       |       |       |     6 ||     6
  Use: Scroll            |       |     5 |    11 |     4 ||    20
       Potion            |       |       |     2 |     3 ||     5
 Stab: Sleeping          |     2 |     2 |     2 |       ||     6
       Confused          |       |       |       |     2 ||     2
       Distracted        |       |       |       |     1 ||     1
       Invisible         |       |       |       |     1 ||     1
Armor: Skin              |    22 |    17 |    45 |    81 ||   165
Dodge: Dodged            |    55 |    26 |    68 |   119 ||   268

Table legend: (Time is in decaauts)
 A = Elapsed time spent in this place.
 B = Non-inter-level travel time spent in this place.
 C = Inter-level travel time spent in this place.
 D = Time resting spent in this place.
 E = Time spent auto-exploring this place.
 F = Levels seen in this place.
 G = Mean time per level.
                   A        B        C        D        E       F      G
               +--------+--------+--------+--------+--------+-----+--------+
         Total |  12227 |  11633 |    594 |   2497 |   6812 |  11 | 1111.5 |
       Dungeon |  10461 |   9986 |    475 |   2113 |   6024 |   9 | 1162.3 |
          Lair |   1766 |   1648 |    118 |    384 |    788 |   2 |  883.0 |
               +--------+--------+--------+--------+--------+-----+--------+

Top non-repeatable levels by time:
     D:9: 1654 daAuts
  Lair:1: 1444 daAuts
     D:2: 1438 daAuts
     D:5: 1289 daAuts
     D:4: 1274 daAuts
     D:6: 1114 daAuts
     D:1: 1102 daAuts
     D:7: 1055 daAuts
     D:3: 905 daAuts
     D:8: 625 daAuts
  Lair:2: 321 daAuts
